 Dungeon Crawl Stone Soup version 0.26.1-2-gb8aa6d0cf2 (console) character file.

Game seed: 8765373612241170243

116 om the Chiller (level 4, 0/24 HPs)
             Began as a Deep Elf Ice Elementalist on Feb 19, 2021.
             Was a Follower of Vehumet.
             Slain by an ufetubus (3 damage)
             ... on level 3 of the Dungeon.
             The game lasted 00:06:18 (3357 turns).

om the Chiller (Deep Elf Ice Elementalist)          Turns: 3357, Time: 00:06:18

Health: 0/24       AC:  2    Str:  6    XL:     4   Next: 70%
Magic:  8/12       EV: 13    Int: 20    God:    Vehumet [*.....]
Gold:   84         SH:  4    Dex: 15    Spells: 3/11 levels left

rFire    . . .     SeeInvis .   i - +1 dagger (vamp)
rCold    . . .     Faith    .   k - +0 buckler
rNeg     . . .     Spirit   .   a - +0 robe
rPois    .         Reflect  .   (no helmet)
rElec    .         Harm     .   (no cloak)
rCorr    .         Rampage  .   (no gloves)
Will     .....                  (no boots)
Stlth    ++........             (no amulet)
HPRegen  0.08/turn              (no ring)
MPRegen  0.13/turn              (no ring)

@: frozen ramparts
A: no striking features
a: Renounce Religion


You were on level 3 of the Dungeon.
You worshipped Vehumet.
Vehumet was aware of your devotion.
You visited 1 branch of the dungeon, and saw 3 of its levels.

You collected 84 gold pieces.

Inventory:

Hand Weapons
 i - a +1 vampiric dagger (weapon)
Armour
 a - a +0 robe (worn)
 k - a +0 buckler (worn)
Jewellery
 c - an uncursed ring of resist corrosion {unknown}
 l - an uncursed ring of ice {unknown}
Scrolls
 b - 2 scrolls of enchant armour {unknown}
 d - 2 scrolls of teleportation {unknown}
 f - 6 scrolls of identify {unknown}
 j - 2 scrolls of remove curse {unknown}
 m - a scroll of fear {unknown}
Potions
 e - 2 potions of curing {unknown}
 g - a potion of berserk rage {unknown}
 h - a potion of attraction {unknown}
 n - a potion of invisibility {unknown}
 o - a potion of might {unknown}


   Skills:
 * Level 3.8 Dodging
 + Level 3.4 Stealth
 * Level 0.9 Shields
 - Level 4.0 Spellcasting
 * Level 0.0 Conjurations
 + Level 5.0 Ice Magic


You had 3 spell levels left.
You knew the following spells:

 Your Spells              Type           Power        Failure   Level
a - Freeze                Ice            96%          2%          1
b - Frozen Ramparts       Ice            48%          7%          3
c - Ozocubu's Armour      Ice            24%          7%          3
d - Shock                 Conj/Air       16%          19%         1

Your spell library contained the following spells:

 Spells                   Type           Power        Failure   Level
 Hailstorm                Conj/Ice       14%          54%         4
 Summon Ice Beast         Ice/Summ       14%          54%         4


Dungeon Overview and Level Annotations

Branches:
Dungeon (3/15)

Altars:
Makhleb
Vehumet


Message History

The ufetubus hits you.
* * * LOW HITPOINT WARNING * * *
The ufetubus closely misses you. The ufetubus closely misses you.
The ufetubus barely misses you.
Aiming: Freeze (safe; 2% risk of failure)
Press: ? - help, Q - select action, (/) - cycle Shift-Dir - straight line, f/p - ufetubus
Aim: an ufetubus (moderately wounded)
Okay, then.
Casting: Freeze (safe; 2% risk of failure)
Confirm with . or Enter, or press ? or * to list all spells.
The spell is quite dangerous to cast (7% risk of failure)!
Continue anyway? [Y]es or [N]o only, please.
The spell is quite dangerous to cast (7% risk of failure)!
Continue anyway?
Casting: Frozen Ramparts (quite dangerous; 7% risk of failure)
Press: ? - help, Dir - look around, f - activate The walls around you are covered in ice.
The wall freezes the ufetubus but does no damage.
The ufetubus hits you but does no damage.
The ufetubus hits you.
You die...

######... ......# ..
####.....# .# #....###.#
# .### #....#..##.# ...
#.##.......## .#
##.###.......# .##
##>.###.#.##.##
..#########...##..#....#
..............##..†..##
..............##@##.##
.#.............5....#
#####............####
†## ##.................
†.## ##.......#.....#..
...###............#.#
...†..........#...#.#
................... .
..................#> .
..................##.
...............


You could see an ufetubus.

Vanquished Creatures
  2 adders (D:2)
  3 worms
  3 dart slugs
  2 leopard geckos
  4 orcs
  A ball python (D:1)
  6 bats
  2 giant cockroaches
  9 goblins
  12 hobgoblins
  11 jackals
  4 kobolds
  7 frilled lizards
  2 rats (D:1)
68 creatures vanquished.

Notes
Turn   | Place    | Note
-------+----------+-------------------------------------------
     0 | D:1      | om the Deep Elf Ice Elementalist began the quest for the
                  | Orb.
     0 | D:1      | Reached XP level 1. HP: 10/10 MP: 6/6
    61 | D:1      | You fall into a shaft and drop 1 floor!
   154 | D:2      | Reached XP level 2. HP: 15/15 MP: 6/8
   656 | D:2      | Reached XP level 3. HP: 15/19 MP: 7/10
   946 | D:1      | Learned a level 3 spell: Frozen Ramparts
  1326 | D:1      | Learned a level 3 spell: Ozocubu's Armour
  1961 | D:2      | Reached XP level 4. HP: 24/24 MP: 7/12
  2162 | D:2      | Found a radiant altar of Vehumet.
  2162 | D:2      | Found a burning altar of Makhleb.
  2167 | D:2      | Became a worshipper of Vehumet
  3005 | D:2      | Reached skill level 5 in Ice Magic
  3230 | D:3      | Reached * piety under Vehumet
  3230 | D:3      | Offered knowledge of Shock by Vehumet.
  3233 | D:3      | Learned a level 1 spell: Shock
  3357 | D:3      | Slain by an ufetubus

Illustrated notes

Levels and vault maps discovered:
D:1:      dpeg_arrival_connections, layout_basic
D:2:      minmay_door_path, layout_loops_ring, gammafunk_temple_overflow_wave
D:3:      gammafunk_wand_slinger, layout_rooms, lightli_temple_of_fire,
          marbit_many_paths, hangedman_feature_mirror, st_stairs_7

Skill      XL: |  1  2  3  4 |
---------------+-------------+-----
Dodging        | 3 |  3.8
Stealth        | 3 |  3.4
Spellcasting   | 4 |  4.0
Ice Magic      | 5 |  5.0
Shields        | |  0.9

Action                   |  1- 3 |  4- 6 || total
-------------------------+-------+-------++-------
Melee: Dagger            |    32 |    32 ||    64
       Club              |     3 |       ||     3
 Cast: Freeze            |    27 |    19 ||    46
       Frozen Ramparts   |     4 |     7 ||    11
 Stab: Sleeping          |     7 |     1 ||     8
Armor: Robe              |     6 |    17 ||    23
Dodge: Dodged            |    38 |    65 ||   103
Block: Buckler           |       |     7 ||     7
